 Dungeon Crawl Stone Soup version 0.28-a0-1404-g4df0f3684d (webtiles) character file.

Game seed: 5198180296331032464

487 HallandMoats the Ruffian (level 6, -3/61 (62) HPs)
             Began as a Troll Monk on Jan 5, 2022.
             Was an Initiate of Gozag.
             Splashed by a jelly's acid (8 damage)
             ... on level 4 of the Dungeon.
             The game lasted 00:03:30 (2046 turns).

HallandMoats the Ruffian (Troll Monk)               Turns: 2046, Time: 00:03:31

HP:   -3/61 (62)    AC: -11   Str: 20    XL:     6   Next: 89%
MP:   6/6           EV: 11    Int:  6    God:    Gozag
Gold: 414           SH:  0    Dex: 14    Spells: 5/5 levels left

rFire   . . .      SeeInvis .     - Unarmed
rCold   . . .      Faith    .   (no shield)
rNeg    . . .      Spirit   .   a - +0 robe
rPois   .          Reflect  .   (helmet restricted)
rElec   .          Harm     .   (no cloak)
rCorr   .          Rampage  .   (gloves unavailable)
Will    .....                   (boots unavailable)
Stlth   ++........              (no amulet)
HPRegen 1.00/turn               (no ring)
MPRegen 0.10/turn               (no ring)

@: corroded, lightly drained
A: large, unfitting armour, claws 3, regeneration 1, shaggy fur 1, tough skin 1
a: Renounce Religion, Potion Petition, Call Merchant, Bribe Branch


You were on level 4 of the Dungeon.
You worshipped Gozag.
Gozag was aware of your devotion.
You visited 1 branch of the dungeon, and saw 4 of its levels.

You collected 436 gold pieces.
You spent 22 gold pieces at shops.

Inventory:

Armour
 a - a +0 robe (worn)
Jewellery
 n - a ring of see invisible
 q - a +6 ring of dexterity
Wands
 h - a wand of iceblast (13)
 s - a wand of mindburst (19)
Scrolls
 d - 5 scrolls of identify
 e - a scroll of torment {unknown}
 g - a scroll of brand weapon {unknown}
 j - a scroll of fog {unknown}
 r - a scroll of teleportation {unknown}
Potions
 b - 5 potions of curing {unknown}
 c - a potion of lignification {unknown}
 f - a potion of heal wounds {unknown}
 i - a potion of invisibility {unknown}
 k - a potion of might {unknown}
 l - a potion of attraction {unknown}
 m - a potion of resistance
 o - a potion of brilliance {unknown}
 p - a potion of mutation {unknown}


   Skills:
 * Level 3.7 Fighting
 * Level 2.0 Throwing
 * Level 2.5 Armour
 * Level 3.7 Dodging
 - Level 1.0 Stealth
 + Level 3.8 Unarmed Combat
 + Level 1.6 Invocations


You had 5 spell levels left.
You didn't know any spells.
Your spell library contained the following spells:

 Spells                   Type           Power      Damage    Failure   Level
 Gell's Gravitas          Tloc           0%         N/A       83%         3
 Lesser Beckoning         Tloc           0%         N/A       83%         3
 Teleport Other           Tloc           0%         N/A       83%         3


Dungeon Overview and Level Annotations

Branches:
Dungeon (4/15)
 Temple: D:4-7

Altars:
Gozag
Okawaru
Qazlal
Vehumet

Shops:
D:1 [   D:2 ?

Annotations:
D:4 Robin


Innate Abilities, Weirdness & Mutations

You are too large for most types of armour.
You have claws for hands.
Your natural rate of healing is unusually fast.
You are covered in fur. (AC +1)
You have tough skin. (AC +1)


Message History

You are too injured to fight recklessly!
The goblin hits you with a +0 club. The ball python bites you.
Robin throws the goblin at you! The goblin hits you with a +0 club.
The goblin hits you with a +0 club. The ball python completely misses you.
You open the door.
You hear a zap.
You hear a grinding noise.
The ball python bites you.
There is an open door here.
You hear a zap.
Some rock shatters into small pieces.
The hobgoblin no longer looks unusually strong.
The ball python completely misses you.
Robin points. "Kill!"
Robin roars a battlecry!
The goblins go into a battle-frenzy!
The ball python bites you. The ball python bites you.
Unknown command.
Unknown command.
The ball python misses you. The ball python completely misses you.
The necrophage hits you. The hobgoblin hits you.
You open the door. The goblin misses you. The ball python bites you.
The necrophage hits you.
You feel drained. The hobgoblin hits you!
* * * LOW HITPOINT WARNING * * *
You scratch the jelly but do no damage.
Your claws burn!
* * * LOW HITPOINT WARNING * * *
The jelly is almost dead.
The hobgoblin no longer looks unusually strong. x2
The goblin hits you with a +0 club.
* * * LOW HITPOINT WARNING * * *
The ball python bites you.
* * * LOW HITPOINT WARNING * * *
The jelly hits you.
* * * LOW HITPOINT WARNING * * *
The acid corrodes you!
You are splashed with acid!
You die...
Your body crumbles into a pile of gold.

...#.....#..##..(#
#.....# #..
...#.........#...#
#.....####..
...#..)....).#...#
#.....#..#..
...#.........#..##
#.....#..#..
#########.#.g##
#+#.....#..#..
#........#...#....)##'#..
+....#.gg#...#>..........
#....#.ngJ...#...........
#... +.S@#$ #...........
#... #.g.# ####'#......
### ##..## #...#......
#...#######...#......
#.............#......
#.............#......
#.............#......
#.............#......
#........######......


You could see a necrophage, a jelly, Robin, 2 hobgoblins, 2 goblins and a ball
python.

Vanquished Creatures
  Edmund (D:4)
  A black bear (D:4)
  An ogre (D:4)
  Ijyb (D:4)
  2 iguanas (D:4)
  2 adders
  4 gnolls
  A worm (D:3)
  3 dart slugs
  An orc (D:4)
  3 endoplasms
  5 giant cockroaches
  11 goblins
  8 hobgoblins
  3 jackals (D:4)
  2 quokkas
  3 ball pythons
  4 bats
  A frilled lizard (D:1)
  7 kobolds
  4 rats
68 creatures vanquished.

Notes
Turn   | Place    | Note
-------+----------+-------------------------------------------
     0 | D:1      | HallandMoats the Troll Monk began the quest for the Orb.
     0 | D:1      | Reached XP level 1. HP: 22/22 MP: 0/0
     8 | D:1      | Found Oliemouj's Armour Shoppe.
    50 | D:1      | Reached XP level 2. HP: 16/29 MP: 1/1
   364 | D:1      | Found a faded altar of an unknown god.
   378 | D:1      | Prayed at the altar of an unknown god.
   378 | D:1      | Became a worshipper of Gozag Ym Sagoz the Greedy
   409 | D:1      | Reached XP level 3. HP: 36/36 MP: 2/2
   649 | D:2      | Found a stormy altar of Qazlal.
   661 | D:2      | Reached skill level 1 in Armour
   778 | D:2      | Found Etefos's Magic Scroll Shop.
   824 | D:2      | Bought a scroll of identify for 22 gold pieces
  1077 | D:3      | Reached XP level 4. HP: 36/44 MP: 3/3
  1177 | D:3      | Found an iron altar of Okawaru.
  1188 | D:3      | Found an opulent altar of Gozag.
  1384 | D:3      | Found a stormy altar of Qazlal.
  1384 | D:3      | Found a radiant altar of Vehumet.
  1677 | D:4      | Noticed Edmund
  1692 | D:4      | Killed Edmund
  1693 | D:4      | Reached skill level 1 in Throwing
  1693 | D:4      | Reached skill level 1 in Invocations
  1693 | D:4      | Reached XP level 5. HP: 35/53 MP: 4/4
  1791 | D:4      | Noticed Ijyb
  1796 | D:4      | Killed Ijyb
  1851 | D:4      | Noticed an ogre
  1861 | D:4      | Killed an ogre
  1862 | D:4      | Reached XP level 6. HP: 5/61 MP: 4/6
  1862 | D:4      | HP: 2/61 [jackal (3)]
  2002 | D:4      | Noticed Robin
  2046 | D:4      | Splashed by a jelly's acid

Illustrated notes

Levels and vault maps discovered:
D:1:      dpeg_arrival_arbitrary_b, layout_basic, serial_shops, shop,
          shapermc_ecumenical_altar_pompeii, minmay_heptomino_l4
D:2:      layout_rooms, basic_altar, serial_shops, shop_fountains
D:3:      layout_rooms, mainiacjoe_overflow_alcove_3
D:4:      layout_gridville, uniq_ijyb, uniq_robin, uniq_edmund

Skill      XL: |  1  2  3  4  5  6 |
---------------+-------------------+-----
Armour         | 1 2 |  2.5
Fighting       | 3 |  3.7
Dodging        | 3 |  3.7
Throwing       | 1 2 |  2.0
Invocations    | 1 |  1.6
Stealth        | |  1.0
Unarmed Combat | |  3.8

Action                   |  1- 3 |  4- 6 || total
-------------------------+-------+-------++-------
Melee: Unarmed           |   114 |    93 ||   207
       Punch             |     3 |       ||     3
Evoke: Wand              |       |     1 ||     1
 Stab: Sleeping          |     3 |       ||     3
Armor: Robe              |    29 |    21 ||    50
Dodge: Dodged            |    36 |    76 ||   112

Table legend: (Time is in decaauts)
 A = Elapsed time spent in this place.
 B = Non-inter-level travel time spent in this place.
 C = Inter-level travel time spent in this place.
 D = Time resting spent in this place.
 E = Time spent auto-exploring this place.
 F = Levels seen in this place.
 G = Mean time per level.
                   A        B        C        D        E       F      G
               +--------+--------+--------+--------+--------+-----+--------+
         Total |   2034 |   1946 |     88 |    144 |   1267 |   4 |  508.5 |
       Dungeon |   2034 |   1946 |     88 |    144 |   1267 |   4 |  508.5 |
               +--------+--------+--------+--------+--------+-----+--------+

Top non-repeatable levels by time:
     D:1: 646 daAuts
     D:2: 532 daAuts
     D:3: 465 daAuts
     D:4: 390 daAuts
